 Dungeon Sprint DCSS version bcrawl-1.15.1 (webtiles) character file.

Game seed: 3748491839878661547

17 Kerapac the Caller (level 2, -1/13 HPs)
             Began as a Felid Summoner on Sept 30, 2019.
             Killed by nerve-wracking pain
             ... invoked by Jessica
              (12 damage)
             ... in the Dungeon (Sprint III: "The Ten Rune Challenge").
             The game lasted 00:00:39 (108 turns).

Kerapac the Caller (Felid Summoner)                  Turns: 108, Time: 00:00:39

Health: -1/13      AC:  1    Str:  4    XL:     2   Next: 62%
Magic:  1/7        EV: 19    Int: 16    God:
Gold:   0          SH:  0    Dex: 16    Spells: 6/7 levels left
                                        Lives:  0   Deaths: 0

rFire    . . .     SeeInvis +   (weapon unavailable)
rCold    . . .     Gourm    .   (shield unavailable)
rNeg     . . .     Faith    .   (armour unavailable)
rPois    .         Spirit   .   (helmet unavailable)
rElec    .         Reflect  .   (cloak restricted)
rCorr    .         Harm     .   (gloves unavailable)
MR       .....     NoTele   +   (boots unavailable)
Stlth    +++.......             (no amulet)
HPRegen  0.04/turn              (no ring)
MPRegen  0.10/turn              (no ring)

@: very slightly contaminated, quick
A: very small, no armour, no weapons or thrown items, stealth, claws 1, fangs 3,
see invisible, carnivore, speed 1, shaggy fur 1, slow metabolism 1, sharp paws
a: no special abilities


You were in the Dungeon.
You were not hungry.

You visited 1 branch

Inventory:

Scrolls
 h - a scroll of blinking
Potions
 c - a potion of curing
 d - a potion of heal wounds
 e - a potion of haste
 f - 2 potions of magic
 g - a potion of berserk rage
Comestibles
 b - a ration {!d}


   Skills:
 + Level 3.9 Dodging
 + Level 4.2 Stealth
 + Level 3.4 Spellcasting
 * Level 4.7 Summonings


You had 6 spell levels left.
You knew the following spells:

 Your Spells              Type           Power        Failure   Level  Hunger
a - Summon Small Mammal   Summ           ###.         2%          1    None

Your spell library contained the following spells:

 Spells                   Type           Power        Failure   Level  Hunger
 Call Imp                 Summ           ###.....     3%          2    ##.....
 Call Canine Familiar     Summ           ###.....     8%          3    ###....
 Summon Ice Beast         Ice/Summ       ##......     56%         4    ####...
 Summon Lightning Spire   Summ/Air       ##......     88%         5    ######.


Dungeon Overview and Level Annotations

Branches:
Dungeon (1/1)

Altars:

Annotations:
D Jessica


Innate Abilities, Weirdness & Mutations

You cannot wear almost all types of armour.
You are incapable of wielding weapons or throwing items.
Your paws allow you to move quietly. (Stealth)
You have sharp claws.
You have razor-sharp teeth.
You have supernaturally acute eyesight. (SInv)
You are carnivorous and can eat meat at any time.
You cover ground quickly.
You are covered in fur. (AC +1)
You have a slow metabolism.
Your sharp claws are effective at attacking unaware monsters.


Message History

Casting: Summon Small Mammal (safe; 3% risk of failure)
Confirm with . or Enter, or press ? or * to list all spells.
Casting: Summon Small Mammal (safe; 3% risk of failure)
Confirm with . or Enter, or press ? or * to list all spells.
Casting: Summon Small Mammal (safe; 3% risk of failure)
Confirm with . or Enter, or press ? or * to list all spells.
You miscast Summon Small Mammal.
You are very lightly contaminated with residual magic.
Nothing appears to happen.
You open the door.
A rat comes into view.
Your Stealth skill increases to level 4!
Your Spellcasting skill increases to level 3!
You have reached level 2!
Jessica the Apprentice Sorceress comes into view.
She is wielding a +0 club.
Jessica shouts!
Jessica points at you and mumbles some strange words.
Pain shoots through your body!
Ouch! That really hurt!
You die...

▓▓▓▓
▓<.#
▓..#
▓#'####
▓.....#
▓...r.#
▓...rr#
▓####@#
▓$...r#
▓.@...#
▓.....#
▓+#####


You could see Jessica, a rat, 2 friendly quokkas and a friendly rat.

Vanquished Creatures
  An ooze (D)
1 creature vanquished.

Vanquished Creatures (collateral kills)
  A rat (D)
1 creature vanquished.

Vanquished Creatures (others)
  2 hellions (D)
  A yaktaur (D)
  A plant (D)
4 creatures vanquished.

Grand Total: 6 creatures vanquished

Notes
Turn   | Place    | Note
-------+----------+-------------------------------------------
     0 | D        | Kerapac the Felid Summoner began the quest for the Orb.
     0 | D        | Reached XP level 1. HP: 9/9 MP: 4/4
    30 | D        | Killed a yaktaur
    89 | D        | Killed a hellion
    91 | D        | Killed a hellion
   108 | D        | Reached XP level 2. HP: 11/13 MP: 1/7
   108 | D        | Noticed Jessica
   108 | D        | Killed from afar by Jessica

Skill      XL: |  1 |
---------------+----+-----
Dodging        | 3 |  3.9
Summonings     | 4 |  4.7
Stealth        | 4 |  4.2
Spellcasting   | 3 |  3.4

Action                   || total
-------------------------++-------
Melee: Unarmed           ||     2
       Bite              ||     1
 Cast: Summon Small Mamm ||     7
 Stab: Sleeping          ||     1
Dodge: Dodged            ||     1
